 Dungeon Crawl Stone Soup version 0.29.0-15-g675c0067aa (webtiles) character file.

Game seed: 8212986054613603889

14 qw the Sneak (level 2, -1/19 HPs)
             Began as a Gargoyle Delver on Sept 11, 2022.
             Slain by an iguana (3 damage)
             ... on level 5 of the Dungeon.
             The game lasted 00:00:04 (338 turns).

qw the Sneak (Gargoyle Delver)                       Turns: 338, Time: 00:00:04

Health: -1/19      AC:  5    Str: 15    XL:     2   Next: 45%
Magic:  2/2        EV: 11    Int: 10    God:
Gold:   14         SH:  0    Dex: 11    Spells: 1/1 levels left

rFire   . . .      SeeInvis .   a - +0 hand axe
rCold   . . .      Faith    .   (no shield)
rNeg    + . .      Spirit   .   b - +0 leather armour
rPois   inf        Reflect  .   (no helmet)
rElec   +          Harm     .   (no cloak)
rCorr   .          Rampage  .   (no gloves)
Will    .....                   (no boots)
Stlth   +++.......              (no amulet)
HPRegen 0.06/turn               (no ring)
MPRegen 0.08/turn               (no ring)

@: no status effects
A: sickness immunity, AC +2, negative energy resistance 1, electricity
resistance, torment resistance 1, petrification resistance
a: no special abilities


You were on level 5 of the Dungeon.
You visited 1 branch of the dungeon, and saw 1 of its levels.

You collected 14 gold pieces.


Innate Abilities, Weirdness & Mutations

You are immune to sickness and miasma.
Your stone body is resilient. (AC +2)
You are immune to poison.
You resist negative energy. (rN+)
You are resistant to electric shocks. (rElec)
You are resistant to unholy torment.
You are immune to petrification.


   Skills:
 - Level 3.2 Fighting
 + Level 2.7 Axes
 - Level 1.5 Dodging
 - Level 5.4 Stealth


You had one spell level left.
You didn't know any spells.
Your spell library was empty.

Inventory:

Hand Weapons
 a - a +0 hand axe (weapon)
Armour
 b - a +0 leather armour (worn)
Wands
 g - a wand of digging (3)
Scrolls
 c - a scroll of fog
 d - a scroll of magic mapping
 e - a scroll of fear
 h - a scroll of teleportation {unknown}
 i - a scroll of enchant weapon {unknown}
Potions
 f - a potion of haste
 j - a potion of degeneration {unknown}

Dungeon Overview and Level Annotations

Branches:
Dungeon (5/15)
 Temple: D:4-7

Altars:


Message History

Enter note: An adder comes into view.
328 ||| Stepping ~*~*~tactically~*~*~ (stealth).
The iguana hisses menacingly.
You hit the ufetubus.
The ufetubus is almost dead.
The ufetubus closely misses you.
The ufetubus hits you but does no damage.
You miss the ufetubus.
The ufetubus is almost dead.
The ufetubus hits you.
The ufetubus hits you but does no damage.
The ufetubus barely misses you. The ufetubus closely misses you.
You closely miss the ufetubus.
The ufetubus is almost dead.
You closely miss the iguana. The ufetubus closely misses you.
The ufetubus hits you but does no damage.
The iguana barely misses you. The ufetubus closely misses you.
The ufetubus hits you.
You completely miss the ufetubus.
The ufetubus is almost dead.
You closely miss the iguana. The ufetubus hits you.
The ufetubus closely misses you. The iguana barely misses you.
The ufetubus barely misses you. x2
You hit the ufetubus.
You kill the ufetubus!
You closely miss the iguana. The iguana closely misses you.
The iguana bites you.
The adder hisses angrily.
You hit the iguana.
The iguana is moderately wounded.
The iguana bites you.
You completely miss the iguana.
The iguana is moderately wounded.
The iguana bites you.
You hit the iguana.
The iguana is heavily wounded.
The iguana bites you.
You die...

#....~...S..
##.##..#
+....~.~~~.
#...|.>#
.....7...
###.#..##
.......
#.#.#.## #
..... #....#
#.. ?.. ##...#
#..###S####
###.#
#...l.##.# #.#
###..@...# #>#
######.# #.#
#.# #.### #.#
#....
#.#########.###
#.........#.###
#########......
#.........###
#.#########


You could see an iguana and an adder.

Vanquished Creatures
  An adder (D:5)
  An ufetubus (D:5)
2 creatures vanquished.

Notes
Turn   | Place    | Note
-------+----------+-------------------------------------------
     0 | D:5      | qw the Gargoyle Delver began the quest for the Orb.
     0 | D:5      | Reached XP level 1. HP: 14/14 MP: 1/1
     0 | D:5      | 0 ||| qw: Version: 0.1-a-118-gb4e7ce6
     0 | D:5      | 0 ||| qw: Game counter: 10605
     0 | D:5      | 0 ||| qw: Always use a shield: true
     0 | D:5      | 0 ||| qw: God list: Okawaru
     0 | D:5      | 0 ||| qw: Allow faded altars: false
     0 | D:5      | 0 ||| qw: Do Orc after D:15 true
     0 | D:5      | 0 ||| qw: Do second Lair branch before Depths: true
     0 | D:5      | 0 ||| qw: Lair rune preference: random
     0 | D:5      | 0 ||| qw: Plans: Normal
     0 | D:5      | 0 ||| PLANNING D:1-11
    55 | D:5      | Reached XP level 2. HP: 7/19 MP: 2/2
   328 | D:5      | 328 ||| Stepping ~*~*~tactically~*~*~ (stealth).
   337 | D:5      | HP: 2/19 [iguana (6)]
   338 | D:5      | Slain by an iguana

Levels and vault maps discovered:
D:5:      layout_loops_ring, gammafunk_ghost_grave, kennysheep_potato,
          uniq_menkaure, uniq_pikel

Skill      XL: |  1 |
---------------+----+-----
Axes           | 2 |  2.7
Fighting       | |  3.2
Dodging        | |  1.5
Stealth        | |  5.4

Action                   || total
-------------------------++-------
Melee: Hand axe          ||    21
Armor: Leather armour    ||     8
Dodge: Dodged            ||    19

Table legend:
 A = Non-vault XP
 B = Vault XP
 C = Vault XP percentage of total XP
 D = Non-vault monster count
 E = Vault monster count
 F = Vault count percentage of total count
                 A         B        C        D         E       F
            +---------+---------+-------+---------+---------+-------
      Total |      13 |       8 |  38.1 |       1 |       1 |  50.0
            +---------+---------+-------+---------+---------+-------
        D:5 |      13 |       8 |  38.1 |       1 |       1 |  50.0
            +---------+---------+-------+---------+---------+-------
